 Dungeon Crawl Stone Soup version 0.20-a0-208-g55166f7 (webtiles) character file.

51 CptLeJohnny the Skirmisher (level 3, 0/29 HPs)
             Began as a Demonspawn Abyssal Knight on Nov 25, 2016.
             Was a Follower of Lugonu.
             Slain by a goblin
             ... wielding a +0 dagger
             ... led by Robin
              (5 damage)
             ... on level 3 of the Dungeon.
             The game lasted 00:13:00 (1270 turns).

CptLeJohnny the Skirmisher (DsAK)                   Turns: 1270, Time: 00:13:00

Health: 0/29       AC:  3    Str: 13    XL:     3   Next: 57%
Magic:  5/5        EV: 11    Int: 18    God:    Lugonu [*.....]
Gold:   53         SH:  0    Dex: 12    Spells: 2/2 levels left

rFire  . . .     SeeInvis .     a - +1 spear
rCold  . . .     Gourm    .     b - +0 leather armour
rNeg   . . .     Faith    .     (no shield)
rPois  .         Spirit   .     (no helmet)
rElec  .         Reflect  .     (no cloak)
rCorr  .         Harm     .     (no gloves)
MR     .....                    (no boots)
Stlth  +.........               (no amulet)
                                (no ring)
                                (no ring)

@: brilliant
A: rot immunity
a: Depart the Abyss, Renounce Religion


You were on level 3 of the Dungeon.
You worshipped Lugonu.
Lugonu was aware of your devotion.
You were not hungry.

You visited 1 branch of the dungeon, and saw 3 of its levels.
You visited the Abyss 1 time.

You collected 53 gold pieces.

Inventory:

Hand Weapons
 a - a +1 spear (weapon)
Armour
 b - a +0 leather armour (worn)
Scrolls
 d - a scroll of remove curse {unknown}
 e - 2 scrolls of teleportation {unknown}
 g - 2 scrolls of immolation {unknown}
 k - a scroll of identify {unknown}
Potions
 h - a potion of degeneration {unknown}
 l - a potion of cancellation {unknown}
 n - a potion of agility {unknown}
Comestibles
 f - 2 slices of pizza


   Skills:
 - Level 3.3 Fighting
 + Level 3.1 Polearms
 - Level 2.0 Armour
 - Level 0.8 Dodging
 - Level 2.7 Invocations


You had 2 spell levels left.
You didn't know any spells.

Dungeon Overview and Level Annotations

Branches:
Dungeon (3/15)

Altars:

Annotations:
D:3 Robin


Innate Abilities, Weirdness & Mutations

You are immune to rotting.


Message History

The goblin is moderately wounded.
The hobgoblin barely misses you. The goblin hits you with a dagger.
The goblin barely misses you.
Robin roars a battlecry!
The goblin goes into a battle-frenzy!
A goblin comes into view. It is wielding a dagger.
Okay, then.
It was a potion of brilliance.
You feel clever all of a sudden. The hobgoblin hits you.
* * * LOW HITPOINT WARNING * * *
The goblin misses you. The goblin barely misses you.
You hit the goblin.
You kill the goblin!
Lugonu accepts your kill.
The hobgoblin no longer looks unusually strong.
The hobgoblin closely misses you. The goblin hits you but does no damage.
Robin throws the goblin at you!
You closely miss the goblin. The goblin hits you with a dagger.
You die...

#..........
#.....[.....
##...........
g...........
...........
..........
#g........
#gg....#
#@g....##
##g.....#
#########......#
#..............#
#..........#'###
#..........#.#
############.#
#######.#
####.......#


You could see Robin, a hobgoblin and 3 goblins.

Vanquished Creatures
  2 adders
  A dart slug (D:1)
  2 leopard geckos
  A ball python (D:2)
  A bat (D:1)
  A giant cockroach (D:1)
  8 goblins
  A hobgoblin (D:1)
  3 frilled lizards (D:1)
  6 kobolds
  3 rats
29 creatures vanquished.

Notes
Turn   | Place    | Note
-------+----------+-------------------------------------------
     0 | Abyss:1  | CptLeJohnny the Demonspawn Abyssal Knight began the quest for the Orb.
     0 | Abyss:1  | Reached XP level 1. HP: 18/18 MP: 2/2
    86 | D:1      | Escaped the Abyss
   462 | D:1      | Reached * piety under Lugonu
   471 | D:1      | Gained mutation: You are immune to rotting. [demonic ancestry]
   471 | D:1      | Reached XP level 2. HP: 20/24 MP: 3/3
   764 | D:2      | Reached XP level 3. HP: 16/29 MP: 5/5
  1254 | D:3      | Noticed Robin
  1270 | D:3      | Slain by a goblin

Vault maps used:
D:1:      dpeg_arrival_arbitrary_b
D:2:      serial_curves, eino_curves_01, eino_curves_03,
          minmay_misc_feat_nine_boxes
D:3:      lemuel_blue_sif_altar, makhleb_heckhound_becter, uniq_robin

Skill      XL: |  1  2  3 |
---------------+----------+-----
Polearms       | 2 3 |  3.1
Armour         | 2 |  2.0
Fighting       | |  3.3
Dodging        | |  0.8
Invocations    | |  2.7

Action                   || total
-------------------------++-------
Melee: Spear             ||    88
Invok: Depart the Abyss  ||     1
  Use: Potion            ||     3
  Eat: Bread ration      ||     1
Armor: Leather armour    ||    14
Dodge: Dodged            ||    54
